 Dungeon Crawl Stone Soup version 0.28.0 (webtiles) character file.

Game seed: 10894120904010717954

15 HallandMoats the Ruffian (level 2, -1/26 HPs)
             Began as a Ghoul Monk on Feb 8, 2022.
             Slain by a jackal (2 damage)
             ... on level 1 of the Dungeon.
             The game lasted 00:00:30 (291 turns).

HallandMoats the Ruffian (Ghoul Monk)                Turns: 291, Time: 00:00:31

Health: -1/26      AC:  2    Str: 14    XL:     2   Next: 50%
Magic:  1/1        EV: 12    Int:  5    God:
Gold:   12         SH:  0    Dex: 11    Spells: 1/1 levels left

rFire   . . .      SeeInvis .     - Unarmed
rCold   + . .      Faith    .   (no shield)
rNeg    + + +      Spirit   .   a - +0 robe
rPois   ∞          Reflect  .   (no helmet)
rElec   .          Harm     .   (no cloak)
rCorr   .          Rampage  .   (no gloves)
Will    .....                   (no boots)
Stlth   ++........              (no amulet)
HPRegen 0.00/turn               (no ring)
MPRegen 0.07/turn               (no ring)

@: inhibited regen
A: claws 1, cold resistance 1, negative energy resistance 3, inhibited
regeneration, torment resistance 2
a: no special abilities


You were on level 1 of the Dungeon.
You visited 1 branch of the dungeon, and saw 1 of its levels.

You collected 12 gold pieces.

Inventory:

Armour
 a - a +0 robe (worn)
Scrolls
 c - a scroll of immolation {unknown}
Potions
 b - a potion of cancellation {unknown}


   Skills:
 * Level 3.5 Fighting
 + Level 0.2 Armour
 + Level 2.7 Dodging
 - Level 2.1 Stealth
 * Level 3.5 Unarmed Combat
 * Level 0.8 Invocations


You had one spell level left.
You didn't know any spells.
Your spell library was empty.

Dungeon Overview and Level Annotations

Branches:
Dungeon (1/15)

Altars:


Innate Abilities, Weirdness & Mutations

You thrive by killing the living.
You are immune to poison.
You have sharp fingernails.
Your flesh is cold resistant. (rC+)
You are immune to negative energy. (rN+++)
You do not regenerate when monsters are visible.
You are immune to unholy pain and torment.


Message History

The jackal closely misses you. The jackal misses you.
The jackal barely misses you.
Things that are here:
a +0 dagger; a kobold corpse The jackal bites you.
The jackal barks!
You scratch the jackal.
The jackal is heavily wounded.
The jackal bites you.
* * * LOW HITPOINT WARNING * * *
The jackal barely misses you.
You closely miss the jackal.
The jackal is heavily wounded.
The jackal bites you.
* * * LOW HITPOINT WARNING * * *
The jackal bites you.
* * * LOW HITPOINT WARNING * * *
You barely miss the jackal.
The jackal is heavily wounded.
The jackal misses you. The jackal barely misses you. The jackal misses you.
You scratch the jackal.
You kill the jackal!
The jackal bites you.
* * * LOW HITPOINT WARNING * * *
You closely miss the jackal. The jackal closely misses you.
The jackal misses you. The jackal barely misses you.
You scratch the jackal.
You kill the jackal!
The jackal bites you.
* * * LOW HITPOINT WARNING * * *
The jackal bites you but does no damage.
You closely miss the jackal. The jackal barely misses you. x2
You barely miss the jackal. The jackal closely misses you.
The jackal misses you.
You claw the jackal!
You kill the jackal!
The jackal bites you but does no damage.
The jackal bites you.
You die...

.#######..†.....#(.
#)#. #.#
#.#†#....#.# #.#.
#.# #...###).#.#
#.#.###.# #...#
#....# #.#..##.#
#...#
#.#.#####.##.##.#
#...# #.#.#
#......##.# #...#
#..h###.###...#.#
#...# ###hh...#
#.....# ##...#
##@###.###...###
.... ##..#
#(.....## #..#
##.#.#####.#..#
#..###.###.##
#..#.## #.†##.##
##.###.##..##
#....##
##.......#.#
########.###.##
##.#.#.#...##
#........#
##.###.##.##...##
#.########
##.#.###......#


You could see 3 jackals.

Vanquished Creatures
  A bat (D:1)
  3 endoplasms (D:1)
  A hobgoblin (D:1)
  3 jackals (D:1)
  2 quokkas (D:1)
  A frilled lizard (D:1)
  A kobold (D:1)
  2 rats (D:1)
14 creatures vanquished.

Notes
Turn   | Place    | Note
-------+----------+-------------------------------------------
     0 | D:1      | HallandMoats the Ghoul Monk began the quest for the Orb.
     0 | D:1      | Reached XP level 1. HP: 19/19 MP: 0/0
   225 | D:1      | Reached XP level 2. HP: 26/26 MP: 1/1
   288 | D:1      | HP: 1/26 [jackal (1)]
   291 | D:1      | Slain by a jackal

Illustrated notes

Levels and vault maps discovered:
D:1:      lemuel_arrival_river_ford, layout_loops_ring,
          ebering_ecumenical_altar_sacrificial

Action                   || total
-------------------------++-------
Melee: Unarmed           ||    35
       Punch             ||     1
 Stab: Sleeping          ||     1
Armor: Robe              ||     5
Dodge: Dodged            ||    26
